 Dungeon Crawl Stone Soup version 0.29.1-15-g9cfb28693d (webtiles) character file.

Game seed: 12148689070351538205

3973 GigaChad the Cruncher (level 10, -4/90 HPs)
             Began as a Minotaur Gladiator on Mar 14, 2023.
             Was an Elder of Okawaru.
             Slain by a raiju (9 damage)
             ... on level 1 of the Abyss.
             The game lasted 00:06:55 (4846 turns).

GigaChad the Cruncher (Minotaur Gladiator)          Turns: 4846, Time: 00:06:56

Health: -4/90      AC: 13    Str: 23    XL:     10   Next: 2%
Magic:  9/9        EV: 14    Int:  5    God:    Okawaru [****..]
Gold:   314        SH:  0    Dex: 14    Spells: 9/9 levels left

rFire   . . .      SeeInvis +   l - +8 quarterstaff of Peril {pain, rPois Dex+2 SInv}
rCold   . . .      Faith    .   (shield currently unavailable)
rNeg    . . .      Spirit   .   D - +0 chain mail
rPois   +          Reflect  .   s - +2 hat
rElec   .          Harm     .   q - +1 cloak
rCorr   .          Rampage  .   (no gloves)
Will    .....                   (no boots)
Stlth   ..........              i - amulet of regeneration
HPRegen 1.05/turn               f - +4 ring of evasion
MPRegen 0.11/turn               (no ring)

@: studying Dodging
A: horns 2, retaliatory headbutt
a: Renounce Religion, Heroism, Finesse


You were on level 1 of the Abyss.
You worshipped Okawaru.
Okawaru was greatly pleased with you.
You visited 2 branches of the dungeon, and saw 8 of its levels.
You visited the Abyss 1 time.

You collected 314 gold pieces.

Inventory:

Hand Weapons
 a - a +1 war axe
 l - the +8 quarterstaff of Peril (weapon) {pain, rPois Dex+2 SInv}
   (You took it off an orc on level 3 of the Dungeon)

   In the hands of one skilled in necromantic magic, it inflicts extra damage on
   living creatures.
   Dex:       It affects your dexterity (+2).
   rPois:     It protects you from poison.
   SInv:      It lets you see invisible.
Missiles
 d - 3 throwing nets (quivered)
 e - 5 javelins
Armour
 b - a +0 leather armour
 c - a +0 hat
 q - a +1 cloak (worn)
 s - a +2 hat (worn)
 D - a +0 chain mail (worn)
Jewellery
 f - a +4 ring of evasion (left hand)
 g - an amulet of guardian spirit
 i - an amulet of regeneration (around neck)
 k - a ring of ice
Wands
 o - a wand of polymorph (14)
 v - a wand of flame (35)
 B - a wand of iceblast (6)
Scrolls
 n - 2 scrolls of amnesia
 p - 3 scrolls of identify {unknown}
 y - a scroll of fear {unknown}
 A - a scroll of fog {unknown}
 C - a scroll of magic mapping {unknown}
Potions
 h - a potion of berserk rage
 j - a potion of mutation {unknown}
 m - a potion of haste {unknown}
 r - a potion of magic {unknown}
 t - 4 potions of curing {unknown}
 u - a potion of heal wounds {unknown}
 w - 4 potions of flight {unknown}
 x - 3 potions of lignification {unknown}
 z - a potion of attraction {unknown}


   Skills:
 * Level 8.9 Fighting
 + Level 5.6 Axes
 * Level 11.9 Staves
 + Level 2.1 Throwing
 + Level 4.7 Armour
 + Level 6.6 Dodging
 + Level 2.1 Stealth


You had 9 spell levels left.
You didn't know any spells.
Your spell library contained the following spells:

 Spells                   Type           Power      Damage    Failure   Level
 Freeze                   Ice            0%         1d3       98%         1
 Frozen Ramparts          Ice            0%         1d1       100%        3
 Hailstorm                Conj/Ice       0%         3d3       100%        4


Dungeon Overview and Level Annotations

Branches:
Dungeon (7/15)             Temple (1/1) D:7

Altars:
Ashenzari
Dithmenos
Elyvilon
Fedhas
Gozag
Hepliaklqana
Makhleb
Nemelex Xobeh
Okawaru
Qazlal
Sif Muna
Trog
Uskayaw
Vehumet
Wu Jian
Xom
Yredelemnul
The Shining One

Shops:
D:6 [


Innate Abilities, Weirdness & Mutations

You have a pair of horns on your head.
You reflexively headbutt those who attack you in melee.


Message History

The living lightning hits you!
The raiju blinks! x2
The raiju barely misses you. You furiously retaliate!
You headbutt the raiju, but do no damage.
You sock the shadow!
You destroy the shadow!
Okawaru accepts your kill.
The raiju bursts into living lightning!
The living lightning hits the raiju.
The raiju completely resists.
The living lightning hits you.
The raiju blinks!
The raiju bites you but does no damage.
You have reached level 10!
The raiju bursts into living lightning!
The living lightning hits you.
The raiju blinks!
The raiju misses you.
A thrashing horror comes into view.
You see here a raiju corpse.
The raiju bursts into living lightning!
The living lightning hits you!
The raiju blinks!
The raiju attacks as you move away! The raiju closely misses you.
The raiju bites you but does no damage.
The raiju bursts into living lightning!
The living lightning hits you!!
The raiju blinks!
The raiju bursts into living lightning!
The living lightning misses you.
The raiju blinks! x2
The raiju bursts into living lightning!
The living lightning hits you.
* * * LOW HITPOINT WARNING * * *
The raiju blinks!
There is a gateway leading out of the Abyss here.
The raiju bursts into living lightning!
The living lightning hits you!
* * * LOW HITPOINT WARNING * * *
The raiju blinks!
The raiju bites you.
* * * LOW HITPOINT WARNING * * *
The raiju shocks you!
* * * LOW HITPOINT WARNING * * *
The raiju bites you.
* * * LOW HITPOINT WARNING * * *
The raiju shocks you!
You die...

# # # . # #
....## # #
..#...##X
.#.#.#... .#
........ .##
##.#§#.##..#
#..#.#h@§.#
...
#...#.hh###.#
# #..§§...##
.....#.###...#
##..#.## #..
..##.#. .#
#... #.#.# .#
# . #.. . .
... .#


You could see 3 raiju.

Vanquished Creatures
  A tentacled starspawn (Abyss:1)
  A raiju (Abyss:1)
  Grinder (D:6)
  A shadow (Abyss:1)
  2 sky beasts
  A black bear (D:6)
  An ice beast (D:6)
  2 ogres
  4 centaurs
  A phantom (D:5)
  2 kobold brigands
  2 bullfrogs
  2 necrophages
  3 scorpions
  An electric eel (D:6)
  2 howler monkeys
  A jelly (D:6)
  3 orc priests (D:5)
  4 hounds
  4 iguanas (D:6)
  6 orc wizards
  Robin (D:3)
  9 adders
  5 gnolls (D:5)
  2 shadow imps
  A white imp (D:7)
  2 dart slugs (D:2)
  19 orcs
  An endoplasm (D:1)
  2 giant cockroaches (D:1)
  11 goblins
  8 hobgoblins
  9 jackals
  2 quokkas
  2 ball pythons (D:2)
  3 bats (D:2)
  8 frilled lizards
  15 kobolds
  7 rats
152 creatures vanquished.

Vanquished Creatures (others)
  2 starspawn tentacles (Abyss:1)
2 creatures vanquished.

Grand Total: 154 creatures vanquished

Notes
Turn   | Place    | Note
-------+----------+-------------------------------------------
     0 | D:1      | GigaChad the Minotaur Gladiator began the quest for the
                  | Orb.
     0 | D:1      | Reached XP level 1. HP: 18/18 MP: 0/0
   218 | D:1      | Reached XP level 2. HP: 25/25 MP: 1/1
  1059 | D:2      | Found a shimmering altar of Xom.
  1066 | D:2      | Reached XP level 3. HP: 28/30 MP: 2/2
  1149 | D:2      | Reached skill level 1 in Armour
  1763 | D:3      | Noticed Robin
  1804 | D:3      | Reached skill level 5 in Axes
  1804 | D:3      | Reached XP level 4. HP: 30/38 MP: 3/3
  1811 | D:3      | Killed Robin
  1880 | D:3      | Identified the +8 quarterstaff of Peril {pain, rPois Dex+2
                  | SInv}
  2232 | D:3      | Reached skill level 1 in Staves
  2342 | D:3      | Found a faded altar of an unknown god.
  2375 | D:3      | Found a radiant altar of Vehumet.
  2532 | D:4      | Noticed a sky beast
  2535 | D:4      | Killed a sky beast
  2536 | D:4      | Reached skill level 2 in Staves
  2536 | D:4      | Reached XP level 5. HP: 38/45 MP: 4/4
  2577 | D:4      | You fall into a shaft and drop 3 floors!
  2577 | D:7      | Found a staircase to the Ecumenical Temple.
  2590 | Temple   | Entered the Ecumenical Temple
  2661 | Temple   | Became a worshipper of Warmaster Okawaru
  2884 | D:7      | Found a sparkling altar of Nemelex Xobeh.
  2897 | D:7      | Noticed a centaur
  2902 | D:7      | Reached XP level 6. HP: 51/51 MP: 5/5
  2909 | D:7      | Reached skill level 3 in Staves
  2946 | D:7      | Reached * piety under Okawaru
  2947 | D:7      | Reached skill level 4 in Staves
  2951 | D:7      | Reached XP level 7. HP: 49/59 MP: 6/6
  3006 | D:7      | Reached skill level 1 in Stealth
  3007 | D:7      | Reached skill level 5 in Staves
  3157 | D:7      | Reached skill level 6 in Staves
  3304 | D:7      | Reached skill level 5 in Fighting
  3467 | D:7      | Found an ornate altar of the Wu Jian Council.
  3533 | D:6      | Reached ** piety under Okawaru
  3543 | D:6      | Reached XP level 8. HP: 60/69 MP: 7/7
  3544 | D:6      | Reached skill level 7 in Staves
  3549 | D:6      | Reached skill level 5 in Dodging
  3556 | D:6      | Reached skill level 8 in Staves
  3770 | D:6      | Found Qirarofu's Armour Emporium.
  3772 | D:6      | Reached *** piety under Okawaru
  3776 | D:6      | Noticed Grinder
  3786 | D:6      | Killed Grinder
  3787 | D:6      | Reached skill level 9 in Staves
  3802 | D:6      | Found a bloodstained altar of Trog.
  4034 | D:5      | Entered Level 5 of the Dungeon
  4054 | D:5      | Reached XP level 9. HP: 79/79 MP: 8/8
  4328 | D:5      | Reached skill level 10 in Staves
  4584 | D:5      | Reached **** piety under Okawaru
  4662 | Abyss:1  | Cast into level 1 of the Abyss (gnoll sergeant)
  4702 | Abyss:1  | Noticed a tentacled starspawn
  4714 | Abyss:1  | HP: 3/80 [tentacled starspawn (32)]
  4715 | Abyss:1  | HP: 1/80 [constriction[a tentacled starspawn] (3)]
  4716 | Abyss:1  | Killed a tentacled starspawn
  4717 | Abyss:1  | Reached skill level 11 in Staves
  4826 | Abyss:1  | Received a gift from Okawaru
  4841 | Abyss:1  | Reached XP level 10. HP: 59/90 MP: 9/9
  4843 | Abyss:1  | Noticed a thrashing horror
  4846 | Abyss:1  | Slain by a raiju

Illustrated notes

Levels and vault maps discovered:
D:1:      dpeg_arrival_shelter, layout_loops_ring
D:2:      layout_basic, basic_altar, serial_glass, glass_columns_b,
          glass_columns_a, glass_columns_a, glass_columns_a, glass_columns_b,
          glass_columns_a, glass_columns_b, glass_columns_b, glass_columns_a,
          glass_columns_a, due_unseen_surprise, minmay_strange_pillars,
          feat_on_display, item_on_display_a
D:3:      layout_basic, nicolae_overflow_crystal_walls,
          ebering_ecumenical_altar_mist, uniq_robin
D:4:      layout_basic, uniq_pikel
D:5:      layout_basic
D:6:      cheibrodos_helix_gallery, layout_cave_pools,
          mainiacjoe_overflow_six_doors_small, serial_shops, shop_coins,
          uniq_grinder
D:7:      layout_loops_cross, nemelex_xobeh_ov_fountains_minmay,
          mainiacjoe_overflow_alcove_1, minmay_temple_entry_wispy
Temple:   dpeg_chambers_temple
Abyss:1:  base:
D:3

Skill      XL: |  1  2  3  4  5  6  7  8  9 |
---------------+----------------------------+-----
Axes           | 4 5 |  5.6
Armour         | 1 2 3 4 |  4.7
Fighting       | 3 4 5 7 8 |  8.9
Dodging        | 4 5 6 |  6.6
Staves         | 2 4 6 9 11 | 11.9
Stealth        | 1 2 |  2.1
Throwing       | |  2.1

Action                   |  1- 3 |  4- 6 |  7- 9 | 10-12 || total
-------------------------+-------+-------+-------+-------++-------
Melee: War axe           |    80 |    13 |       |       ||    93
       Headbutt          |     9 |    14 |    30 |       ||    53
       Quarterstaff      |       |    52 |   169 |       ||   221
  Use: Scroll            |     5 |       |       |       ||     5
 Stab: Distracted        |       |       |     1 |       ||     1
Armor: Leather armour    |    30 |     9 |    33 |       ||    72
       Chain mail        |       |       |    11 |     1 ||    12
Dodge: Dodged            |    60 |    64 |   132 |     3 ||   259
